 Dungeon Crawl Stone Soup version 0.20.1-1-g8b1a95d (webtiles) character file.

154 bosm the Charlatan (level 5, -4/48 HPs)
             Began as a Kobold Artificer on Aug 15, 2017.
             Killed from afar by an orc wizard (7 damage)
             ... with a magic dart
             ... on level 3 of the Dungeon.
             The game lasted 00:06:30 (1931 turns).

bosm the Charlatan (Kobold Artificer)               Turns: 1931, Time: 00:06:30

Health: -4/48      AC:  6    Str: 14    XL:     5   Next: 62%
Magic:  8/8        EV: 14    Int: 13    God:
Gold:   125        SH:  0    Dex: 16    Spells: 4/4 levels left

rFire    . . .     SeeInvis .   q - +0 whip (elec)
rCold    . . .     Gourm    .   (shield restricted)
rNeg     . . .     Faith    .   h - +0 ring mail
rPois    .         Spirit   .   (no helmet)
rElec    .         Reflect  .   o - +0 cloak
rCorr    .         Harm     .   (no gloves)
MR       .....                  (no boots)
Stlth    ..........             (no amulet)
Regen    0.2/turn               (no ring)
MPRegen  0.2/turn               (no ring)

@: berserking, very quick
A: carnivore 3
a: no special abilities


You were on level 3 of the Dungeon.
You were very full.

You visited 1 branch of the dungeon, and saw 3 of its levels.

You collected 125 gold pieces.

Inventory:

Hand Weapons
 a - a +0 short sword
 n - a +2 quarterstaff of chaos
 q - a +0 whip of electrocution (weapon)
 r - a +0 falchion
Missiles
 p - 47 bolts
Armour
 h - a +0 ring mail (worn)
 o - a +0 cloak (worn)
Wands
 c - a wand of flame (8/48)
 d - a wand of enslavement (15/24)
 e - a wand of random effects (7/48)
Scrolls
 i - 3 scrolls of identify
 j - a scroll of teleportation {unknown}
 s - a scroll of fear {unknown}
Potions
 b - a potion of heal wounds {unknown}
 k - a potion of berserk rage
 l - a potion of curing {unknown}
 m - a potion of magic {unknown}
Comestibles
 f - 3 meat rations
 g - 2 royal jellies


   Skills:
 * Level 3.4 Fighting
 - Level 2.2 Short Blades
 + Level 0.0(0.6) Long Blades
 + Level 3.2 Dodging
 - Level 1.3 Stealth
 * Level 5.2 Evocations


You had 4 spell levels left.
You didn't know any spells.

Dungeon Overview and Level Annotations

Branches:
Dungeon (3/15)

Altars:
Ru


Innate Abilities, Weirdness & Mutations

You are small and have problems with some larger weapons.
You are carnivorous and can eat meat at any time.


Message History

Unknown command.
You're too confused!
It was a potion of berserk rage.
A red film seems to cover your vision as you go berserk!
You feel yourself moving faster!
You feel mighty!
You feel less confused. The orc hits you with a war axe.
* * * LOW HITPOINT WARNING * * *
You hear some strange, mumbled words.
A magic dart appears from out of thin air!
The magic dart hits you!
* * * LOW HITPOINT WARNING * * *
You are too berserk!
You whack the orc! Lightning courses through the orc!
You kill the orc!
You miss something.
You hear some strange, mumbled words.
A magic dart appears from out of thin air!
The magic dart hits you!
You die...

### ..# #.# ########## #.#
######........# #.#
#.............# .#########.#
#.............#
...........####.......#######
###..g.ho{@).......######
#.########.......#....#
..o...$................#.##.#
l...#<#.######.#.†.....#.##.###
lo .o##.#. #.#.......#.##.#..
.#. .......#.##.######.##.#.#
.. . ...............†.>.......
# # #........##.#####.#.#.#.#
......##.##.# #.#.#.#.#


You could see an orc, a jackal and a hobgoblin.

Vanquished Creatures
  Crazy Yiuf (D:2)
  An orc priest (D:3)
  3 adders
  2 worms
  2 dart slugs (D:2)
  2 leopard geckos
  7 orcs (D:3)
  3 ball pythons (D:2)
  2 giant cockroaches (D:2)
  6 goblins
  2 hobgoblins
  9 kobolds
  2 quokkas (D:2)
  2 bats
  5 frilled lizards
  4 rats
53 creatures vanquished.

Vanquished Creatures (others)
  A hobgoblin (D:1)
  A bat (D:1)
2 creatures vanquished.

Grand Total: 55 creatures vanquished

Notes
Turn   | Place    | Note
-------+----------+-------------------------------------------
     0 | D:1      | bosm the Kobold Artificer began the quest for the Orb.
     0 | D:1      | Reached XP level 1. HP: 12/12 MP: 3/3
   177 | D:1      | Reached XP level 2. HP: 9/16 MP: 4/4
   413 | D:1      | Reached skill level 4 in Evocations
   661 | D:2      | Reached XP level 3. HP: 21/21 MP: 6/6
   906 | D:2      | Found a sacrificial altar of Ru.
  1171 | D:2      | Reached XP level 4. HP: 26/27 MP: 7/7
  1299 | D:2      | Found a runed door.
  1303 | D:2      | Noticed Crazy Yiuf
  1309 | D:2      | Killed Crazy Yiuf
  1386 | D:3      | Reached XP level 5. HP: 28/32 MP: 8/8
  1517 | D:3      | Reached skill level 5 in Evocations
  1931 | D:3      | Killed from afar by an orc wizard

Skill      XL: |  1  2  3  4  5 |
---------------+----------------+-----
Evocations     | 4 5 |  5.2
Short Blades   | 2 |  2.2
Fighting       | 2 3 |  3.4
Dodging        | 3 |  3.2
Stealth        | |  1.3

Action                   |  1- 3 |  4- 6 || total
-------------------------+-------+-------++-------
Melee: Short sword       |   106 |    25 ||   131
       Quarterstaff      |       |    30 ||    30
       Whip              |       |    24 ||    24
Evoke: Wand              |     8 |     7 ||    15
  Use: Scroll            |     1 |       ||     1
       Potion            |       |     1 ||     1
 Stab: Sleeping          |     1 |       ||     1
       Paralysed         |       |     6 ||     6
  Eat: Chunk             |     5 |     6 ||    11
Armor: Ring mail         |    31 |    22 ||    53
Dodge: Dodged            |    76 |    39 ||   115
